 Dungeon Crawl Stone Soup version 0.31.0-11-ge490571c62 (webtiles) character file.

Game seed: 2796266871421632559

2408 Aviak the Toxicologist (level 9, -4/69 HPs)
             Began as a Formicid Alchemist on Feb 2, 2024.
             Was a Believer of Zin.
             Slain by a two-headed ogre
             ... wielding a +0 giant club
              (9 damage)
             ... on level 7 of the Dungeon.
             The game lasted 00:11:55 (6498 turns).

Aviak the Toxicologist (Formicid Alchemist)         Turns: 6498, Time: 00:11:56

Health: -4/69      AC:  8    Str: 20    XL:     9   Next: 75%
Magic:  8/13       EV: 17    Int: 16    God:    Zin [**....]
Gold:   218        SH:  0    Dex: 20    Spells: 7/14 levels left

rFire   + . .        p - +7 dagger of Duzulogi {freeze, Str+4}
rCold   + . .        (no shield)
rNeg    . . .        i - +0 ring mail
rPois   +            (helmet unavailable)
rElec   +            s - +0 cloak
rCorr   +            h - +0 pair of gloves
SInv    +            (no boots)
Will    .....        (no amulet)
Stlth   ++           l - +6 ring of dexterity
HPRegen 0.31/turn    E - +5 ring of evasion
MPRegen 0.13/turn

%: no passive effects
@: resistant
A: permanent stasis, dig shafts and tunnels, antennae 3, four strong arms
a: Dig, Shaft Self, Renounce Religion, Recite, Vitalisation, Donate Gold


You were on level 7 of the Dungeon.
You worshipped Zin.
Zin was pleased with you.
You visited 2 branches of the dungeon, and saw 8 of its levels.

You collected 242 gold pieces.
You donated 24 gold pieces to Zin.

Inventory:

Hand Weapons
 d - a +0 dagger
 j - a +0 war axe
 p - the +7 dagger of Duzulogi (weapon) {freeze, Str+4}
   (You found it on level 3 of the Dungeon)

   Str+4:     It affects your strength (+4).
Armour
 a - a +0 robe
 h - a +0 pair of gloves (worn)
 i - a +0 ring mail (worn)
 s - a +0 cloak (worn)
Jewellery
 l - a +6 ring of dexterity (left hand)
 C - a ring of protection from cold
 E - a +5 ring of evasion (right hand)
Wands
 z - a wand of charming (7)
Scrolls
 e - 8 scrolls of identify {unknown}
 f - 2 scrolls of enchant armour {unknown}
 g - 2 scrolls of teleportation {unknown}
 m - a scroll of blinking {unknown}
 n - a scroll of torment {unknown}
 o - a scroll of revelation {unknown}
 q - a scroll of noise {unknown}
 u - a scroll of enchant weapon {unknown}
 y - a scroll of immolation {unknown}
 A - 2 scrolls of silence {unknown}
 D - a scroll of vulnerability {unknown}
 F - a scroll of brand weapon {unknown}
 G - a scroll of poison {unknown}
Potions
 b - 2 potions of magic
 c - 2 potions of curing
 k - a potion of ambrosia {unknown}
 t - a potion of degeneration {unknown}
 v - a potion of mutation {unknown}
 w - a potion of berserk rage {unknown}
 x - a potion of might {unknown}
 B - 2 potions of attraction {unknown}


   Skills:
 - Level 6.0 Fighting
 - Level 4.0 Short Blades
 - Level 2.8 Axes
 - Level 6.0 Armour
 - Level 2.0 Dodging
 - Level 2.4 Stealth
 - Level 3.0 Spellcasting
 - Level 1.0 Conjurations
 - Level 8.0 Alchemy
 + Level 6.4 Invocations


You had 7 spell levels left.
You knew the following spells:

 Your Spells              Type           Power      Damage    Failure   Level
a - Sting                 Conj/Alch      64%        1d7       4%          1
b - Mercury Vapours       Alch/Air       30%        N/A       9%          2
c - Olgreb's Toxic Radia  Alch           28%        N/A       11%         4

Your spell library contained the following spells:

 Spells                   Type           Power      Damage    Failure   Level
 Mephitic Cloud           Conj/Alch/Air  12%        N/A       26%         3
 Sticky Flame             Fire/Alch      15%        2d5       50%         4


Dungeon Overview and Level Annotations

Branches:
Dungeon (7/15)             Temple (1/1) D:4

Altars:
Ashenzari
Cheibriados
Dithmenos
Elyvilon
Fedhas
Gozag
Hepliaklqana
Makhleb
Qazlal
Sif Muna
Uskayaw
Wu Jian
Zin
The Shining One

Shops:
D:1 ?


Innate Abilities, Weirdness & Mutations

You cannot be hasted, slowed, berserked, paralysed or teleported.
You can dig through walls and to a lower floor.
You have a pair of large antennae on your head. (SInv)
Your four strong arms can wield two-handed weapons with a shield.


Message History

Casting: Mercury Vapours (safe; 9% risk of failure)
Confirm with . or Enter, or press ? or * to list all spells.
Aiming: Mercury Vapours (safe; 9% risk of failure)
Press: ? - help, Dir - move target, f/p - two-headed ogre
Aim: a two-headed ogre, wielding a +0 giant club and a +0 giant spiked club (chance to weaken: 7%) Fumes of mercury billow around the two-headed ogre!
The two-headed ogre is poisoned.
You hit the two-headed ogre. You freeze the two-headed ogre.
The two-headed ogre is lightly wounded.
The two-headed ogre misses you. x2
You barely miss the two-headed ogre.
The two-headed ogre is lightly wounded.
The two-headed ogre hits you with a +0 giant club!
The two-headed ogre hits you with a +0 giant spiked club.
You barely miss the two-headed ogre.
The two-headed ogre is lightly wounded.
You hit the two-headed ogre but do no damage.
The two-headed ogre is lightly wounded.
The two-headed ogre hits you with a +0 giant club!
The two-headed ogre completely misses you.
Casting: Mercury Vapours (safe; 9% risk of failure)
Confirm with . or Enter, or press ? or * to list all spells.
Aiming: Mercury Vapours (safe; 9% risk of failure)
Press: ? - help, Dir - move target, f/p - two-headed ogre
Aim: a two-headed ogre, wielding a +0 giant club and a +0 giant spiked club (lightly wounded, very poisoned, chance to weaken: 7%) Fumes of mercury billow around the two-headed ogre!
The two-headed ogre looks even sicker.
You hit the two-headed ogre. You freeze the two-headed ogre.
The two-headed ogre is moderately wounded.
The two-headed ogre hits you with a +0 giant club!!
* * * LOW HITPOINT WARNING * * *
The two-headed ogre misses you.
You feel better.
Your magical contamination has completely faded away.
It was a potion of resistance.
You feel protected.
The two-headed ogre hits you with a +0 giant club!!
* * * LOW HITPOINT WARNING * * *
The two-headed ogre hits you with a +0 giant spiked club!
You die...

.....# .....##
(.....##### ###
........... ..#
.#....#########.#
##.#.## #.......#
#.### #.......# ##'##
#.......## #...##
#...<...@# .....##
#...)###O#
......###....# ..#
.......##...)########
.......'...).........
.......####)..#######
......## ##.##
.....## #.#.# #...##
#..##


You could see a two-headed ogre (very poisoned).

Vanquished Creatures
  Grinder (D:3)
  Sigmund (D:4)
  Edmund (D:4)
  A water moccasin (D:5)
  Duvessa (D:6)
  An ice beast (D:5)
  2 black bears
  An ogre (D:5)
  2 centaurs
  2 bullfrogs (D:6)
  2 kobold brigands (D:6)
  4 scorpions
  Dowan (D:6)
  A howler monkey (D:6)
  2 hounds
  3 orc priests
  3 jellies
  A sleepcap (D:6)
  An iguana (D:5)
  4 orc wizards
  3 gnolls (D:3)
  6 adders
  A white imp (D:5)
  2 ufetubi (D:6)
  4 dart slugs
  2 ribbon worms
  16 orcs
  3 endoplasms
  3 giant cockroaches
  6 goblins
  5 hobgoblins
  3 jackals (D:3)
  4 quokkas
  11 ball pythons
  4 bats
  2 frilled lizards
  18 kobolds
  7 rats
135 creatures vanquished.

Notes
Turn   | Place    | Note
-------+----------+-------------------------------------------
     0 | D:1      | Aviak the Formicid Alchemist began the quest for the Orb.
     0 | D:1      | Reached XP level 1. HP: 13/13 MP: 3/3
   150 | D:1      | Reached skill level 1 in Conjurations
   259 | D:1      | Reached XP level 2. HP: 19/19 MP: 3/5
   746 | D:1      | Reached XP level 3. HP: 24/24 MP: 4/7
   948 | D:1      | Found Carem's Magic Scroll Shop.
  1350 | D:1      | Reached skill level 5 in Alchemy
  1619 | D:2      | Reached XP level 4. HP: 30/30 MP: 5/8
  1960 | D:3      | Noticed Grinder
  1971 | D:2      | Learned a level 2 spell: Mercury Vapours
  2109 | D:3      | Killed Grinder
  2110 | D:3      | Reached skill level 6 in Alchemy
  2110 | D:3      | Reached XP level 5. HP: 19/41 MP: 3/9
  2110 | D:3      | Reached XP level 6. HP: 22/47 MP: 3/10
  2484 | D:3      | Identified the +7 dagger of Duzulogi {freeze, Str+4}
  2650 | D:3      | Learned a level 4 spell: Olgreb's Toxic Radiance
  3092 | D:4      | Noticed Sigmund
  3104 | D:4      | Killed Sigmund
  3105 | D:4      | Reached skill level 1 in Short Blades
  3105 | D:4      | Reached XP level 7. HP: 34/54 MP: 8/11
  3184 | D:4      | Noticed Edmund
  3197 | D:4      | Killed Edmund
  3227 | D:4      | Found a staircase to the Ecumenical Temple.
  3239 | Temple   | Entered the Ecumenical Temple
  3250 | D:4      | Reached skill level 7 in Alchemy
  3313 | D:4      | Reached skill level 5 in Fighting
  3313 | D:4      | Reached XP level 8. HP: 62/62 MP: 9/12
  3398 | D:4      | Found a burning altar of Makhleb.
  3629 | D:4      | Found a stormy altar of Qazlal.
  3807 | D:5      | Entered Level 5 of the Dungeon
  4160 | D:5      | Found a glowing silver altar of Zin.
  4168 | D:5      | Became a worshipper of Zin the Law-Giver
  4168 | D:5      | Reached * piety under Zin
  4252 | D:5      | Reached skill level 8 in Alchemy
  4254 | D:5      | Reached skill level 1 in Armour
  4488 | D:5      | Reached skill level 1 in Invocations
  4679 | D:5      | Reached XP level 9. HP: 38/69 MP: 10/13
  5567 | D:6      | Reached skill level 5 in Invocations
  5721 | D:6      | Noticed Dowan
  5723 | D:6      | Noticed Duvessa
  5759 | D:6      | Killed Duvessa
  5760 | D:6      | Reached skill level 5 in Armour
  5769 | D:6      | Killed Dowan
  6381 | D:7      | Reached ** piety under Zin
  6488 | D:7      | Noticed a two-headed ogre
  6498 | D:7      | Slain by a two-headed ogre

Illustrated notes

Levels and vault maps discovered:
D:1:      minmay_arrival_arboretum_small, layout_basic, serial_shops, shop,
          chequers_arboretum, nicolae_wormholes
D:2:      layout_rooms, grunt_ministairs_2
D:3:      layout_basic, uniq_grinder
D:4:      layout_basic, mainiacjoe_overflow_brackets, lightli_temple_of_fire,
          minmay_temple_entry_large_hall, sigmund_edmund_badplayer,
          uniq_sigmund, uniq_edmund
D:5:      lemuel_ice_spiral_2, layout_basic, zin_academy
D:6:      layout_gridville, minmay_liquid_box, minmay_misc_feat_nine_boxes,
          uniq_duvessa
D:7:      layout_loops_corners, serial_shops, nicolae_shop_just_a_little_nook,
          minmay_microvault
Temple:   nicolae_temple_bog_church

Skill      XL: |  1  2  3  4  5  6  7  8  9 |
---------------+----------------------------+-----
Conjurations   | 1 |  1.0
Dodging        | 2 |  2.0
Spellcasting   | 3 |  3.0
Alchemy        | 5 6 7 8 |  8.0
Fighting       | 3 4 5 6 |  6.0
Axes           | 2 |  2.8
Short Blades   | 1 2 4 |  4.0
Armour         | 3 6 |  6.0
Invocations    | 2 6 |  6.4
Stealth        | |  2.4

Action                     |  1- 3 |  4- 6 |  7- 9 || total
---------------------------+-------+-------+-------++-------
  Melee: Unarmed           |    15 |       |       ||    15
         Dagger            |    29 |    24 |   194 ||   247
         War axe           |       |    14 |       ||    14
   Cast: Sting             |    62 |    37 |    34 ||   133
         Mercury Vapours   |       |     3 |    22 ||    25
    Use: Potion            |       |     1 |     3 ||     4
   Stab: Sleeping          |       |     1 |     3 ||     4
 Armour: Robe              |    47 |    14 |    25 ||    86
         Ring mail         |       |       |    67 ||    67
  Dodge: Dodged            |    67 |    39 |   126 ||   232
